AoeStats
← MateDu05

Black Forest

509012120Analyzed
2v2 RM · 8d ago on Sep 25, 2026· 78m 53s· 4 players
Game mode
Random Map
Map size
Medium (4 player)
Population
200
Speed
Normal
Resources
Standard
Victory
Conquest
Starting age
Dark Age
Ending age
Imperial Age
RankedLock teamsTeams togetherTeam positionsShared explorationLock speedFull tech treeHidden civsTurbo modeCheats
Victory
Defeat
🇷🇺 Chinese · Russia
837
+13
🇧🇷 Burgundians · Brazil
801
+14
🇪🇨 Persians · Ecuador
777
-14
🇪🇨 Aztecs · Ecuador
750
-28
MateDu05
10:09 Feudal Age
12:11 Double-Bit Axe
18:55 Loom
21:20 Castle Age
20:42 Scale Barding Armor
20:48 Forging
21:11 Horse Collar
21:19 Town Watch
22:09 Wheelbarrow
23:11 Iron Casting
23:12 Bloodlines
23:20 Heavy Plow
27:05 Chain Barding Armor
27:10 Husbandry
31:26 Town Patrol
31:42 Hand Cart
36:36 Imperial Age
36:54 Ballistics
37:19 Cavalier
38:46 Savar
40:38 Blast Furnace
40:14 Plate Barding Armor
39:55 Bow Saw
44:21 Caravan
46:38 Two-Man Saw
46:18 Crop Rotation
46:56 Conscription
46:51 Citadels
47:59 Fletching
49:13 Chemistry
51:11 Bodkin Arrow
53:45 Heavy Camel Rider
62:41 Light Cavalry
63:33 Hussar
79:15 Murder Holes
IsmaDu305161
4:48 Loom
13:19 Feudal Age
15:40 Double-Bit Axe
15:38 Horse Collar
17:47 Gold Mining
23:36 Stone Mining
26:07 Forging
25:57 Scale Mail Armor
29:38 Wheelbarrow
32:50 Castle Age
41:14 Imperial Age
40:14 Gold Shaft Mining
40:14 Stone Shaft Mining
39:44 Heavy Plow
40:05 Eagle Warrior
40:31 Arson
40:46 Squires
40:07 Pikeman
41:05 Chain Mail Armor
42:14 Caravan
42:50 Elite Eagle Warrior
49:23 Crop Rotation
49:12 Hand Cart
54:08 Plate Mail Armor
57:30 Iron Casting
59:22 Chemistry
76:40 Town Watch
SrCorvo6
11:30 Loom
14:03 Feudal Age
13:36 Double-Bit Axe
17:29 Feudal Age
16:34 Gold Mining
16:30 Horse Collar
19:05 Heavy Plow
19:20 Bow Saw
20:02 Gold Shaft Mining
19:18 Stone Mining
21:43 Wheelbarrow
22:08 Stone Shaft Mining
23:58 Castle Age
22:54 Forging
22:57 Scale Barding Armor
23:27 Caravan
24:50 Hand Cart
27:42 Burgundian Vineyards
28:54 Two-Man Saw
32:26 Imperial Age
30:38 Town Watch
32:35 Town Patrol
33:16 Fortified Wall
33:02 Murder Holes
36:46 Conscription
35:47 Elite Coustillier
36:54 Chain Barding Armor
37:10 Iron Casting
36:27 Fletching
36:16 Cavalier
36:57 Husbandry
38:08 Ballistics
38:11 Masonry
37:41 Paladin
39:24 Capped Ram
45:10 Blast Furnace
44:46 Plate Barding Armor
45:17 Crop Rotation
45:40 Elite Coustillier
48:37 Chemistry
48:09 Architecture
52:18 Bodkin Arrow
52:23 Scale Mail Armor
52:36 Light Cavalry
53:51 Hussar
56:45 Pikeman
57:26 Squires
58:37 Chain Mail Armor
58:22 Bracer
58:46 Onager
60:42 Plate Mail Armor
60:28 Halberdier
F⇄LUCK
1:24 Loom
14:22 Feudal Age
21:21 Castle Age
19:25 Horse Collar
22:46 Heavy Plow
23:30 Double-Bit Axe
33:06 Imperial Age
31:36 Fletching
32:19 Bow Saw
33:02 Forging
33:25 Bodkin Arrow
34:30 Wheelbarrow
33:25 Pikeman
34:06 Squires
34:58 Bracer
34:50 Arrowslits
35:27 Fortified Wall
35:13 Murder Holes
35:31 Masonry
35:43 Gold Mining
35:45 Stone Mining
37:05 Two-Man Saw
36:18 Scale Mail Armor
36:11 Halberdier
38:18 Hand Cart
37:49 Town Watch
40:31 Caravan
41:11 Iron Casting
40:52 Chain Mail Armor
40:38 Padded Archer Armor
41:42 Chemistry
41:04 Ballistics
41:15 Architecture
41:12 Conscription
40:54 Great Wall
42:06 Gold Shaft Mining
42:11 Stone Shaft Mining
42:51 Town Patrol
44:16 Blast Furnace
43:48 Plate Mail Armor
43:50 Leather Archer Armor
45:57 Elite Skirmisher
49:57 Elite Skirmisher
50:43 Thumb Ring
50:27 Arson
50:05 Elite Fire Lancer
51:03 Devotion
51:05 Herbal Medicine
50:42 Elite Chu Ko Nu
50:58 Heavy Rocket Cart
52:37 Ring Archer Armor
52:13 Scale Barding Armor
54:07 Rocketry
53:19 Sappers
55:22 Heavy Scorpion
55:25 Capped Ram
75:41 Siege Ram
Connection lost

Rejoining the realm…

Still unreachable

The connection could not be restored.

Session expired

The server has moved on; the page needs a fresh start.